 Dungeon Crawl Stone Soup version 0.29-a0-504-gec6baf379c (webtiles) character file.

Game seed: 14175057185316645619

1071 Bruhh the Nimble (level 8, -4/64 HPs)
             Began as a Merfolk Gladiator on May 28, 2022.
             Slain by a killer bee (6 damage)
             ... on level 6 of the Dungeon.
             The game lasted 00:06:14 (4981 turns).

Bruhh the Nimble (Merfolk Gladiator)                Turns: 4981, Time: 00:06:15

Health: -4/64      AC:  5    Str: 14    XL:     8   Next: 28%
Magic:  8/8        EV: 15    Int:  8    God:
Gold:   313        SH:  0    Dex: 15    Spells: 7/7 levels left

rFire   . . .      SeeInvis .   a - +0 long sword
rCold   . . .      Faith    .   (no shield)
rNeg    . . .      Spirit   .   b - +0 leather armour
rPois   .          Reflect  .   c - +0 helmet
rElec   .          Harm     .   (no cloak)
rCorr   .          Rampage  .   (no gloves)
Will    .....                   s - +0 pair of boots
Stlth   +.........              t - amulet of regeneration
HPRegen 1.00/turn               k - +4 ring of slaying
MPRegen 0.11/turn               (no ring)

@: lethally poisoned (-4 -> -4), on berserk cooldown, attractive, slowed, very
slow
A: (nimble swimmer 2), mertail, clumsy 1, deterioration 1
a: no special abilities


You were on level 6 of the Dungeon.
You visited 1 branch of the dungeon, and saw 6 of its levels.

You collected 313 gold pieces.

Inventory:

Hand Weapons
 a - a +0 long sword (weapon)
Missiles
 d - 3 throwing nets (quivered)
 e - a javelin
Armour
 b - a +0 leather armour (worn)
 c - a +0 helmet (worn)
 s - a +0 pair of boots (worn)
Jewellery
 h - an amulet of reflection
 k - a +4 ring of slaying (left hand)
 t - an amulet of regeneration (around neck)
Wands
 x - a wand of flame (14)
Scrolls
 g - 2 scrolls of torment {unknown}
 i - 9 scrolls of identify {unknown}
 j - 2 scrolls of immolation {unknown}
 m - a scroll of blinking {unknown}
 o - 2 scrolls of teleportation {unknown}
 p - 2 scrolls of fog {unknown}
 q - a scroll of fear {unknown}
 r - 2 scrolls of acquirement {unknown}
 u - a scroll of enchant weapon {unknown}
 y - a scroll of poison {unknown}
Potions
 f - 2 potions of haste
 l - 2 potions of flight
 w - 2 potions of resistance
 z - a potion of attraction


   Skills:
 + Level 6.3 Fighting
 + Level 7.5 Long Blades
 - Level 2.0 Throwing
 + Level 8.2 Dodging


You had 7 spell levels left.
You didn't know any spells.
Your spell library contained the following spells:

 Spells                   Type           Power      Damage    Failure   Level
 Shock                    Conj/Air       0%         1d3       50%         1
 Frozen Ramparts          Ice            0%         1d2       86%         3
 Swiftness                Air            0%         N/A       86%         3
 Airstrike                Air            0%         N/A       99%         4
 Ice Form                 Ice/Tmut       0%         N/A       99%         4
 Summon Ice Beast         Ice/Summ       0%         N/A       99%         4


Dungeon Overview and Level Annotations

Branches:
Dungeon (6/15)
 Temple: D:4-7

Altars:
Elyvilon
Xom

Annotations:
D:4 3 runed translucent doors, Heedrag's ghost, amateur MiFi


Innate Abilities, Weirdness & Mutations

((You are very nimble when in or above water. (Stealth+, EV+, Speed+++)))
Your lower body shifts to a powerful aquatic tail in water.
You are clumsy. (Dex -2)
Your body sometimes deteriorates upon taking damage.


Message History

The killer bee stings you but does no damage.
The killer bee stings you.
* * * LOW HITPOINT WARNING * * *
You are more poisoned.
The killer bee poisons you!
It was a potion of magic.
Magic courses through your body.
You feel very sick. The killer bee completely misses you.
The killer bee stings you.
* * * LOW HITPOINT WARNING * * *
The killer bee barely misses you.
Unknown command.
You feel better. The killer bee closely misses you. The killer bee stings you!
* * * LOW HITPOINT WARNING * * *
The killer bee misses you.
Okay, then.
Okay, then.
You miss the killer bee.
The killer bee is severely wounded.
The killer bee completely misses you. The killer bee stings you.
* * * LOW HITPOINT WARNING * * *
The killer bee misses you.
You closely miss the killer bee.
The killer bee is severely wounded.
The killer bee barely misses you. The killer bee misses you.
The killer bee completely misses you.
You hit the killer bee.
You kill the killer bee!
The killer bee stings you.
* * * LOW HITPOINT WARNING * * *
You are poisoned.
The killer bee poisons you! The killer bee stings you.
* * * LOW HITPOINT WARNING * * *
You miss the killer bee.
You feel sick. The killer bee barely misses you. The killer bee stings you.
* * * LOW HITPOINT WARNING * * *
The killer bee closely misses you.
You hit the killer bee.
The killer bee is moderately wounded.
You feel sick. The killer bee closely misses you. The killer bee stings you.
You die...

...... #.. ......# #..
........##.. .......o..
.........#..# ..........
............. #.........
...............# .......(.
...............## .........
................## #........
..............#.@#####........
..............###y.#..........
.............####.............
............## #.....#.......!
...........## #..#...........
..######..## #..###†.........
.## ##..###..# #..........
..## ##..#..# #..........
...## ##...# ...........


You could see a killer bee.

Vanquished Creatures
  An ogre (D:5)
  A phantom (D:5)
  A necrophage (D:6)
  5 scorpions
  4 killer bees (D:6)
  A howler monkey (D:6)
  A hound (D:6)
  2 iguanas (D:5)
  Jessica (D:2)
  Terence (D:2)
  3 gnolls (D:6)
  8 adders
  An ufetubus (D:5)
  A worm (D:4)
  A dart slug (D:4)
  17 orcs
  5 bats
  8 endoplasms
  4 giant cockroaches
  5 goblins
  4 hobgoblins
  4 jackals (D:1)
  3 quokkas
  7 ball pythons
  4 kobolds
  4 rats
97 creatures vanquished.

Vanquished Creatures (others)
  A fungus (D:4)
  7 plants
8 creatures vanquished.

Grand Total: 105 creatures vanquished

Notes
Turn   | Place    | Note
-------+----------+-------------------------------------------
     0 | D:1      | Bruhh the Merfolk Gladiator began the quest for the Orb.
     0 | D:1      | Reached XP level 1. HP: 16/16 MP: 1/1
   308 | D:1      | Reached XP level 2. HP: 23/23 MP: 2/2
  1326 | D:1      | Found a faded altar of an unknown god.
  1417 | D:2      | Reached XP level 3. HP: 27/28 MP: 3/3
  2043 | D:2      | Reached XP level 4. HP: 35/35 MP: 4/4
  2139 | D:2      | Noticed Terence
  2149 | D:2      | Killed Terence
  2150 | D:2      | Reached skill level 5 in Dodging
  2169 | D:2      | Noticed Jessica
  2174 | D:2      | Killed Jessica
  2480 | D:3      | Reached XP level 5. HP: 36/41 MP: 5/5
  3190 | D:4      | Reached skill level 5 in Long Blades
  3190 | D:4      | Found a shimmering altar of Xom.
  3262 | D:4      | Found a white marble altar of Elyvilon.
  3343 | D:4      | Gained mutation: Your body sometimes deteriorates upon
                  | taking damage. [potion of mutation]
  3343 | D:4      | Gained mutation: You are clumsy. (Dex -2) [potion of
                  | mutation]
  3596 | D:4      | Found a runed translucent gate.
  3596 | D:4      | Found a runed translucent gate.
  3599 | D:4      | Found a runed translucent gate.
  3599 | D:4      | Noticed Heedrag's ghost (amateur MiFi)
  3599 | D:4      | Noticed a kobold brigand
  3680 | D:4      | Reached XP level 6. HP: 48/48 MP: 6/6
  4015 | D:5      | Entered Level 5 of the Dungeon
  4046 | D:5      | Reached skill level 6 in Dodging
  4246 | D:5      | Reached skill level 5 in Fighting
  4246 | D:5      | Reached XP level 7. HP: 51/56 MP: 7/7
  4360 | D:5      | Reached skill level 7 in Dodging
  4935 | D:6      | Reached XP level 8. HP: 55/64 MP: 8/8
  4971 | D:6      | Reached skill level 8 in Dodging
  4980 | D:6      | HP: 2/64 [killer bee (4)]
  4981 | D:6      | Slain by a killer bee

Illustrated notes

Levels and vault maps discovered:
D:1:      dpeg_arrival_stone_temple_mockup, layout_basic,
          dilly_ecumenical_altar_fadedgnrine, minmay_door_square, st_stairs_9
D:2:      layout_rooms, serial_bayou_lagoon_a, kennysheep_generic_room_12,
          uniq_terence, uniq_jessica
D:3:      layout_loops_ring
D:4:      layout_cave_pools, grunt_temple_overflow_open,
          gammafunk_ghost_nasty_kobolds, minmay_tree_intersection
D:5:      layout_cave_pools, serial_rivers, chequers_serial_rivers_small_b,
          chequers_serial_rivers_micro_a, chequers_serial_rivers_micro_d,
          chequers_serial_rivers_marsh, minivault_1
D:6:      layout_layer_cave

Skill      XL: |  1  2  3  4  5  6  7  8 |
---------------+-------------------------+-----
Long Blades    | 4 5 6 7 |  7.5
Fighting       | 3 4 5 6 |  6.3
Dodging        | 5 6 7 8 |  8.2
Throwing       | |  2.0

Action                   |  1- 3 |  4- 6 |  7- 9 || total
-------------------------+-------+-------+-------++-------
Melee: Long sword        |    88 |   164 |    76 ||   328
       Punch             |     1 |     1 |     1 ||     3
Throw: Throwing net      |       |     2 |       ||     2
  Use: Potion            |       |     6 |     4 ||    10
 Stab: Sleeping          |     1 |     1 |       ||     2
       Held in net/web   |       |     2 |       ||     2
Armor: Leather armour    |    21 |    37 |    12 ||    70
Dodge: Dodged            |    68 |   145 |    81 ||   294

Table legend: (Time is in decaauts)
 A = Elapsed time spent in this place.
 B = Non-inter-level travel time spent in this place.
 C = Inter-level travel time spent in this place.
 D = Time resting spent in this place.
 E = Time spent auto-exploring this place.
 F = Levels seen in this place.
 G = Mean time per level.
                   A        B        C        D        E       F      G
               +--------+--------+--------+--------+--------+-----+--------+
         Total |   5006 |   4926 |     80 |    363 |   3715 |   6 |  834.3 |
       Dungeon |   5006 |   4926 |     80 |    363 |   3715 |   6 |  834.3 |
               +--------+--------+--------+--------+--------+-----+--------+

Top non-repeatable levels by time:
     D:1: 1755 daAuts
     D:4: 836 daAuts
     D:3: 738 daAuts
     D:2: 706 daAuts
     D:5: 580 daAuts
     D:6: 388 daAuts
